 Dungeon Crawl Stone Soup version 0.24-a0-725-gf1a930fc54 (webtiles) character file.

Game seed: 3804212817182778514, levelgen mode: deterministic

33 Arixos the Scratcher (level 3, -6/16 HPs)
             Began as a Felid Transmuter on Oct 1, 2019.
             Mangled by Purgy (9 damage)
             ... in a sewer.
             The game lasted 00:25:44 (2454 turns).

Arixos the Scratcher (Felid Transmuter)             Turns: 2454, Time: 00:25:45

Health: -6/16      AC:  1    Str:  6    XL:     3   Next: 12%
Magic:  3/7        EV: 19    Int: 15    God:
Gold:   114        SH:  0    Dex: 16    Spells: 2/6 levels left
                                        Lives:  0   Deaths: 1

rFire    . . .     SeeInvis +     - Unarmed
rCold    . . .     Gourm    .   (shield unavailable)
rNeg     . . .     Faith    .   (armour unavailable)
rPois    .         Spirit   .   (helmet unavailable)
rElec    .         Reflect  .   (cloak unavailable)
rCorr    .         Harm     .   (gloves unavailable)
MR       .....                  (boots unavailable)
Stlth    ++........             (no amulet)
HPRegen  0.05/turn              l - +1 ring of evasion
MPRegen  0.10/turn              (no ring)

@: appendage (expiring), very slightly contaminated, quick
A: very small, no armour, no weapons or thrown items, stealth, claws 1, fangs 3,
horns 2, see invisible, carnivore, speed 1, shaggy fur 1, slow metabolism 1,
sharp paws
a: End Transformation


You were in a sewer.
You were not hungry.
You had grown temporary horns.
You visited 1 branch of the dungeon, and saw 3 of its levels.
You also visited: Sewer.

You collected 114 gold pieces.

Inventory:

Missiles
 b - 19 arrows
Jewellery
 l - a +1 ring of evasion (left paw)
Wands
 k - a wand of scattershot (4)
Scrolls
 a - a scroll of magic mapping
 f - a scroll of remove curse {unknown}
 g - 2 scrolls of blinking
 i - 3 scrolls of immolation
 n - a scroll of fear {unknown}
Potions
 d - a potion of cancellation {unknown}
 e - 4 potions of curing {unknown}
 h - a potion of lignification {unknown}
 j - a potion of heal wounds {unknown}
Comestibles
 c - 11 rations
 m - 5 chunks of flesh


   Skills:
 + Level 1.8 Fighting
 + Level 3.3 Dodging
 + Level 2.0 Stealth
 + Level 3.4 Unarmed Combat
 + Level 2.4 Spellcasting
 + Level 2.7 Transmutations


You had 2 spell levels left.
You knew the following spells:

 Your Spells              Type           Power        Failure   Level  Hunger
a - Beastly Appendage     Tmut           ##....       7%          1    #......
s - Spider Form           Tmut/Pois      #.........   34%         3    ###....

Your spell library contained the following spells:

 Spells                   Type           Power        Failure   Level  Hunger
 Sticks to Snakes         Tmut           ##......     11%         2    ###....
 Ice Form                 Ice/Tmut       #.......     75%         4    #####..
 Blade Hands              Tmut           ##........   88%         5    ######.


Dungeon Overview and Level Annotations

Branches:
Dungeon (3/15)              Sewer (1/1)

Altars:

Annotations:
Sewer Purgy


Innate Abilities, Weirdness & Mutations

You cannot wear armour.
You are incapable of wielding weapons or throwing items.
Your paws allow you to move quietly. (Stealth)
You have sharp claws.
You have razor-sharp teeth.
You have supernaturally acute eyesight. (SInv)
You are carnivorous and can eat meat at any time.
You cover ground quickly.
You are covered in fur. (AC +1)
You have a slow metabolism.
Your sharp claws are effective at attacking unaware monsters.
You have a pair of horns on your head.


Message History

You closely miss Purgy.
Purgy is lightly wounded.
Purgy bites you. Purgy closely misses you. Purgy claws you.
You closely miss Purgy.
Purgy is lightly wounded.
Purgy looks very sad for a moment.
Purgy barely misses you. Purgy misses you. Purgy closely misses you.
You barely miss Purgy. You headbutt Purgy, but do no damage.
Purgy is lightly wounded.
Purgy closely misses you. Purgy claws you.
* * * LOW HITPOINT WARNING * * *
Purgy misses you.
You scratch Purgy but do no damage.
Purgy is lightly wounded.
You barely miss Purgy. You bite Purgy.
Purgy is moderately wounded.
Your transformation is almost over.
Purgy bites you!
Ouch! That really hurt!
You die...

######### #∩##.##.#
#.##.##.#
#+##+##+##.##'##'##+#
##...†.........T@....#
≈#≈≈T≈≈≈≈≈≈.≈≈≈≈≈≈≈≈≈#≈≈≈
≈#≈≈≈≈≈≈≈≈≈∩≈≈≈≈≈≈≈≈≈#≈≈≈
≈#≈≈≈≈≈≈≈≈≈.≈≈≈≈≈≈≈≈≈#≈≈≈
##...................####
#+##+##+##+##+##+##+#


You could see Purgy.

Vanquished Creatures
  2 adders (D:3)
  An ooze (D:1)
  A worm (D:2)
  2 dart slugs
  A leopard gecko (D:3)
  10 bats
  3 giant cockroaches
  7 goblins
  3 hobgoblins
  2 jackals (D:1)
  A quokka (D:3)
  A ball python (D:3)
  2 frilled lizards (D:1)
  6 kobolds
  6 rats
48 creatures vanquished.

Notes
Turn   | Place    | Note
-------+----------+-------------------------------------------
     0 | D:1      | Arixos the Felid Transmuter began the quest for the Orb.
     0 | D:1      | Reached XP level 1. HP: 9/9 MP: 4/4
   114 | D:1      | Reached XP level 2. HP: 12/12 MP: 4/6
   369 | D:1      | Reached skill level 1 in Stealth
   692 | D:1      | Reached XP level 3. HP: 15/15 MP: 7/7
   697 | D:1      | Learned a level 3 spell: Spider Form
  2163 | D:3      | Reached XP level 4. HP: 5/19 MP: 8/8
  2387 | D:3      | Found a glowing drain.
  2392 | Sewer    | Entered a sewer
  2408 | Sewer    | Noticed Purgy
  2434 | Sewer    | Slain by Purgy
  2435 | Sewer    | Reached XP level 3. HP: 0/16 MP: 7/7
  2454 | Sewer    | Mangled by Purgy

Levels and vault maps discovered:
D:1:      dpeg_arrival_windows_large_door, layout_basic, roderic_lattice_a,
          grunt_decor_clamped
D:2:      layout_basic, serial_glass, glass_columns_c, glass_columns_a,
          glass_columns_a, glass_columns_a, first_ration
D:3:      layout_loops_corners, overflow_temple_1_default, gup_sewer_entry_bowl
Sewer:    kennysheep_door_sewer

Skill      XL: |  1  2  3 |
---------------+----------+-----
Dodging        | 3 |  3.3
Stealth        | 1 2 |  2.0
Fighting       | |  1.8
Unarmed Combat | |  3.4
Spellcasting   | |  2.4
Transmutations | |  2.7

Action                   |  1- 3 |  4- 6 || total
-------------------------+-------+-------++-------
Melee: Unarmed           |   140 |    12 ||   152
       Headbutt          |    15 |     1 ||    16
       Bite              |    11 |       ||    11
       Punch             |     1 |       ||     1
 Cast: Beastly Appendage |    20 |     2 ||    22
       Spider Form       |     1 |     1 ||     2
  Use: Scroll            |     8 |       ||     8
 Stab: Sleeping          |     9 |     1 ||    10
  Eat: Chunk             |    10 |       ||    10
Armor: Skin              |    16 |     1 ||    17
Dodge: Dodged            |   146 |    27 ||   173

Table legend:
 A = Non-vault XP
 B = Vault XP
 C = Vault XP percentage of total XP
 D = Non-vault monster count
 E = Vault monster count
 F = Vault count percentage of total count
                 A         B        C        D         E       F
            +---------+---------+-------+---------+---------+-------
      Total |     105 |       6 |   5.4 |      44 |       4 |   8.3
            +---------+---------+-------+---------+---------+-------
        D:1 |      48 |       0 |   0.0 |      27 |       0 |   0.0
        D:2 |      13 |       0 |   0.0 |       6 |       0 |   0.0
        D:3 |      44 |       4 |   8.3 |      11 |       3 |  21.4
      Sewer |       0 |       2 | 100.0 |       0 |       1 | 100.0
            +---------+---------+-------+---------+---------+-------
